Cogmind - Beta 11 @@@ ROGUE MODE // 2022.04.16 @ 20:27:47 Player: the cat Result: Destroyed by L-41 Fighter with Axe Performance ------------- Evolutions (3) 1500 Regions Visited (7) 1400 Robots Destroyed (36) 180 Value Destroyed (559) 559 Prototype IDs (25) 500 Alien Tech Used (0) 0 Bonus (500) 500 TOTAL SCORE: 4639 Bonus ------- Entered Garrisons 200 Aligned with FarCom 300 Cogmind --------- Core Integrity 0/700 Matter 240/300 Energy 100/100 System Corruption 2% Temperature Cool (0) Movement Core (50) Location -7/Garrison Parts ------- > --- POWER (1) -------- (None) > --- PROPULSION (2) --- (None) > --- UTILITY (8) ------ Signal Interpreter Core Analyzer Utility Shielding Hacking Suite > --- WEAPON (2) ------- Scythe > --- INVENTORY (5) ---- (None) Peak State ------------ > --- POWER ------------ (None) > --- PROPULSION ------- (None) > --- UTILITY ---------- Advanced Weight Redist. System Signal Interpreter Terrain Scanner Core Analyzer Hacking Suite Hacking Suite Corruption Screen > --- WEAPON ----------- Ion Cannon Scythe > --- INVENTORY -------- Compact Battery Utility Shielding Assault Cannon Advanced EMP Blaster [Rating: 26] Favorites ----------- Power Light Nuclear Core Engine Light Deuterium Engine Power Core Light Nuclear Core Propulsion None Utility Hacking Suite Device Advanced Weight Redist. System Processor Targeting Computer Hackware Hacking Suite Protection Core Shielding Weapon Small Laser Energy Gun Small Laser Energy Cannon Ion Cannon Ballistic Gun Light Assault Rifle Ballistic Cannon Light Cannon Launcher Advanced EMP Blaster Slashing Weapon Scythe Special Melee Weapon Improved Datajack Build | -11 -10 -10 -10 -9 -8 -7 -7 ------- Run | Scr Mat Min Exi Min Mat Fac Gar Slots Evolved 6 | . . . . . 4 2 . Power . | . . . . . . . . Propulsion . | . . . . . . . . Utility 6 | . . . . . 4 2 . Weapon . | . . . . . . . . Parts Attached 44 | 2 1 1 . 3 15 17 5 Power 5 | . . . . . 3 2 . Engine 1 | . . . . . 1 . . Core 4 | . . . . . 2 2 . Reactor . | . . . . . . . . Propulsion . | . . . . . . . . Treads . | . . . . . . . . Leg . | . . . . . . . . Wheel . | . . . . . . . . Hover . | . . . . . . . . Flight . | . . . . . . . . Utility 19 | . 1 1 . 1 6 9 1 Device 8 | . . 1 . . 2 5 . Storage . | . . . . . . . . Processor 4 | . 1 . . . 1 2 . Hackware 4 | . . . . . 2 2 . Protection 3 | . . . . 1 1 . 1 Artifact . | . . . . . . . . Weapon 20 | 2 . . . 2 6 6 4 Energy Gun 1 | 1 . . . . . . . Energy Cannon 7 | . . . . . 3 3 1 Ballistic Gun 2 | 1 . . . 1 . . . Ballistic Cannon 2 | . . . . 1 . . 1 Launcher 2 | . . . . . 1 . 1 Special Weapon . | . . . . . . . . Impact Weapon . | . . . . . . . . Slashing Weapon 5 | . . . . . 2 2 1 Piercing Weapon . | . . . . . . . . Special Melee Weapon 1 | . . . . . . 1 . Unidentified Prototypes 2 | . . 1 . . 1 . . Parts Lost 16 | . . 1 . 1 1 6 7 Power 2 | . . . . . . 2 . Propulsion . | . . . . . . . . Utility 8 | . . . . . 1 4 3 Weapon 6 | . . 1 . 1 . . 4 Highest Loss Streak 7 | . . 1 . 1 1 5 7 To Critical Strikes . | . . . . . . . . Average Slot Usage (%) 49 | . 32 39 28 36 61 60 55 Engine 1 | . . . . . 4 . . Core 1 | . . . . . 2 2 . Device 6 | . . . . . 12 10 4 Processor 13 | . 4 14 14 14 9 18 22 Hackware 7 | . . . . . 12 12 14 Protection 6 | . . . . 8 11 7 6 Energy Gun 5 | . 14 14 14 12 . . . Ballistic Gun 2 | . 14 11 . 1 3 . . Slashing Weapon 2 | . . . . . 5 5 1 Naked Turns . | . . . . . . . . Heaviest Build 13 | 2 2 2 1 2 13 10 3 Greatest Support 12 | 3 3 3 3 3 9 12 3 Greatest Overweight (x) 2 | . . . . . 2 1 . Average Overweight (x) . | . . . . . . . . Largest Inventory Capacity 5 | 5 5 5 5 5 5 5 5 Average Capacity 5 | 5 5 5 5 5 5 5 5 Most Carried 5 | . 2 3 5 5 5 5 5 Average Carried 4 | . . 2 3 4 4 4 2 Final Capacity 5 | 5 5 5 5 5 5 5 5 Final Carried 5 | . 2 3 5 5 5 5 . Class Distribution -------------------- 60% | Mutant 34% | Hacker-Mutant 5% | Hacker-Scout Dominant Class ---------------- Mutant | -10/Materials Mutant | -10/Mines Mutant | -10/Exiles Mutant | -9/Mines Hacker-Mutant | -8/Materials Hacker-Mutant | -7/Factory Mutant | -7/Garrison Resources | -11 -10 -10 -10 -9 -8 -7 -7 ----------- Run | Scr Mat Min Exi Min Mat Fac Gar Matter Collected 604 | 208 . 30 10 60 161 135 . Remotely . | . . . . . . . . Salvage Created 1124 | . . 47 . 154 466 404 53 Parts 68 | . . 3 . 16 21 23 5 Haulers Intercepted 5 | . . . . . 4 1 . Recyclers Shooed 3 | . . . . 1 1 1 . Parts Field Recycled . | . . . . . . . . Retrieved Matter . | . . . . . . . . Parts Self-Destructed . | . . . . . . . . Prevented . | . . . . . . . . Kills | -11 -10 -10 -10 -9 -8 -7 -7 ------- Run | Scr Mat Min Exi Min Mat Fac Gar Combat Hostiles Destroyed 18 | . . 3 . 3 6 4 2 Melee 1 | . . . . . 1 . . Guns 7 | . . 3 . 1 3 . . Cannons 8 | . . . . 2 2 4 . AOE 2 | . . . . . . . 2 Classes Destroyed 11 | . . 1 . 2 6 2 . Worker 2 | . . . . . . 2 . Builder 6 | . . . . 2 . 4 . Hauler 5 | . . . . . 4 1 . Recycler 2 | . . . . 1 . 1 . Mechanic 1 | . . . . . 1 . . Operator 2 | . . . . . 1 1 . Swarmer 14 | . . 3 . 3 3 3 2 Grunt 1 | . . . . . 1 . . Sentry 1 | . . . . . 1 . . Hunter 1 | . . . . . 1 . . Programmer 1 | . . . . . . 1 . Best Kill Streak 4 | . . 3 . 3 3 4 2 Combat Bots Only 3 | . . 3 . 3 3 3 2 Max Kills in Single Turn 2 | . . 1 . 1 1 1 2 Gunslinging . | . . . . . . . . Exploded 2 | . . . . . . . 2 Melee 1 | . . . . . 1 . . Uniques/NPCs Destroyed . | . . . . . . . . Combat | -11 -10 -10 -10 -9 -8 -7 -7 -------- Run | Scr Mat Min Exi Min Mat Fac Gar Damage Taken 1980 | . 42 201 . 98 238 514 887 Core 983 | . 17 82 . 32 127 237 488 Absorbed by Shields 146 | . . . . . . . 146 Redirected to Shielding 94 | . . . . 6 30 39 19 Core Remaining (%) 74 | 100 . . . 47 76 . . Volleys Fired 75 | . 5 7 . 17 20 19 7 Largest 2 | . 2 2 . 1 2 1 1 Hottest 80 | . 60 60 . 40 80 60 60 Shots Fired 91 | . 10 14 . 17 24 19 7 Gun 52 | . 10 14 . 12 16 . . Cannon 38 | . . . . 5 8 19 6 Launcher 1 | . . . . . . . 1 Special . | . . . . . . . . Kinetic 37 | . 5 7 . 5 16 . 4 Thermal 53 | . 5 7 . 12 8 19 2 Explosive . | . . . . . . . . Electromagnetic 1 | . . . . . . . 1 Robot Hit Streak 9 | . 3 4 . 7 9 5 2 Robot Miss Streak 4 | . 3 2 . 1 3 2 4 Penetration Max . | . . . . . . . . Secondary Targets 2 | . . 2 . . . . . Max Gunslinging Chain 1 | . . 1 . . . . . Shots Hit Robots 96 | . 5 6 . 14 36 32 3 Core Hits 43 | . 1 5 . 8 15 11 3 Critical Kills . | . . . . . . . . Critical Parts Destroyed . | . . . . . . . . Critical Strikes 2 | . . . . . 2 . . Sever 2 | . . . . . 2 . . Melee Attacks 59 | . . . . . 29 30 . Impact . | . . . . . . . . Slashing 59 | . . . . . 29 30 . Piercing . | . . . . . . . . Sneak Attacks 17 | . . . . . 5 12 . Combat Hostiles . | . . . . . . . . Follow-up Attacks . | . . . . . . . . Damage Inflicted 2922 | . 46 79 . 182 1047 1385 183 Guns 327 | . 46 76 . 111 94 . . Cannons 601 | . . . . 71 141 338 51 Explosions 132 | . . . . . . . 132 Melee 1859 | . . . . . 812 1047 . Ramming 3 | . . 3 . . . . . Kinetic 275 | . 26 33 . 71 94 . 51 Thermal 653 | . 20 43 . 111 141 338 . Explosive . | . . . . . . . . Electromagnetic 132 | . . . . . . . 132 Impact . | . . . . . . . . Slashing 1859 | . . . . . 812 1047 . Piercing . | . . . . . . . . Highest Corruption 2 | . . . . . . 1 2 Average Corruption 1 | . . . . . . 1 1 Corruption Purged . | . . . . . . . . Corruption Blocked 6 | . . . . . . 5 1 Effects 3 | . . . . . . 2 1 Message Errors 1 | . . . . . . 1 . Heat Flow Errors 1 | . . . . . . . 1 Energy Discharges 1 | . . . . . . 1 . Overload Shots . | . . . . . . . . Overflow Damage 357 | . . . . . 56 298 3 Projectiles 3 | . . . . . . . 3 Explosions . | . . . . . . . . Melee 354 | . . . . . 56 298 . Knockbacks 3 | . . . . 2 . . 1 Impact . | . . . . . . . . Kinetic 3 | . . . . 2 . . 1 Secondary . | . . . . . . . . Self-Inflicted Damage 13 | . . 1 . . . . 12 Shots 1 | . . . . . . . 1 Rammed 1 | . . 1 . . . . . Targets Rammed 1 | . . 1 . . . . . Kicked . | . . . . . . . . Crushed . | . . . . . . . . Highest Temperature 70 | . 20 16 . 15 66 54 70 Average Temperature 20 | . 10 7 . 12 27 28 36 Received Heat Transfer 153 | . 24 102 . . 27 . . Siege Activations . | . . . . . . . . Robots Corrupted . | . . . . . . . . Combat Hostiles . | . . . . . . . . Parts Fried . | . . . . . . . . Impact Corruptions . | . . . . . . . . Robots Melted . | . . . . . . . . Combat Hostiles . | . . . . . . . . Parts Melted 1 | . . . . . . 1 . Heat Transferred 1103 | . 50 100 . 250 222 481 . Parts Sabotaged . | . . . . . . . . Parts Stolen . | . . . . . . . . Parts Stripped . | . . . . . . . . Power Chain Reactions . | . . . . . . . . Missiles Intercepted . | . . . . . . . . Alert | -11 -10 -10 -10 -9 -8 -7 -7 ------- Run | Scr Mat Min Exi Min Mat Fac Gar Peak Influence 258 | . 25 79 . 90 258 185 48 Initial 35 | . . 9 . . 35 27 28 Average 85 | . 16 75 . 16 144 100 31 Maximum Alert Level 1 | . . . . . 1 . . Low Security (%) 90 | 100 100 100 . 100 66 100 100 Level 1 9 | . . . . . 33 . . Level 2 . | . . . . . . . . Level 3 . | . . . . . . . . Level 4 . | . . . . . . . . Level 5 . | . . . . . . . . High Security . | . . . . . . . . Max Security . | . . . . . . . . Squads Dispatched 4 | . 1 . . . 1 2 . Investigation 1 | . 1 . . . . . . Extermination 1 | . . . . . . 1 . Reinforcement 2 | . . . . . 1 1 . Assault . | . . . . . . . . Garrison . | . . . . . . . . Intercept . | . . . . . . . . Searches Triggered . | . . . . . . . . Construction Impeded . | . . . . . . . . Haulers Reinforced . | . . . . . . . . Active Scanning Responses . | . . . . . . . . Cargo Convoy Interrupts . | . . . . . . . . Stealth | -11 -10 -10 -10 -9 -8 -7 -7 --------- Run | Scr Mat Min Exi Min Mat Fac Gar Distress Signals 1 | . 1 . . . . . . Communications Jammed . | . . . . . . . . Distress Signals . | . . . . . . . . Times Spotted 52 | . 3 6 . 6 16 11 10 Peak Tracking Total 8 | . 3 4 . 4 4 4 8 Tactical Retreats 6 | . . . . . 3 2 1 Traps | -11 -10 -10 -10 -9 -8 -7 -7 ------- Run | Scr Mat Min Exi Min Mat Fac Gar Traps Triggered 6 | . 1 . . . . 2 3 Indirectly . | . . . . . . . . Trap Hack Attempts . | . . . . . . . . Triggered . | . . . . . . . . Disarmed . | . . . . . . . . Reprogrammed . | . . . . . . . . Reused . | . . . . . . . . Traps Extracted . | . . . . . . . . Installed . | . . . . . . . . Triggered . | . . . . . . . . Exploded 2 | . . . 2 . . . . Machines | -11 -10 -10 -10 -9 -8 -7 -7 ---------- Run | Scr Mat Min Exi Min Mat Fac Gar Machines Disabled 2 | . . . . . 2 . . Max in Single Turn 1 | . . . . . 1 . . Garrison Access 1 | . . . . . 1 . . Machines Sabotaged . | . . . . . . . . Garrisons Compromised . | . . . . . . . . Overloaded Fab Kills . | . . . . . . . . Hacking | -11 -10 -10 -10 -9 -8 -7 -7 --------- Run | Scr Mat Min Exi Min Mat Fac Gar Machines Accessed 12 | . 1 . 2 . 5 4 . Terminals 8 | . 1 . . . 4 3 . Fabricators . | . . . . . . . . Repair Stations . | . . . . . . . . Recycling Units . | . . . . . . . . Scanalyzers . | . . . . . . . . Garrison Access 2 | . . . . . 1 1 . Total Hacks 39 | . 3 . 2 . 23 11 . Successful 21 | . 2 . 2 . 12 5 . Failed 18 | . 1 . . . 11 6 . Catastrophic 1 | . . . . . 1 . . Database Lockouts . | . . . . . . . . Manual 33 | . 3 . 1 . 19 10 . Terminals 35 | . 3 . . . 22 10 . Fabricators . | . . . . . . . . Repair Stations . | . . . . . . . . Recycling Units . | . . . . . . . . Scanalyzers . | . . . . . . . . Garrison Access 2 | . . . . . 1 1 . Terminal Hacks 9 | . . . 2 . 6 1 . Record 1 | . . . 1 . . . . Level Access Points 1 | . . . . . 1 . . Branch Access Points 2 | . . . . . 1 1 . Unreport Threat 1 | . . . . . 1 . . Locate Traps 1 | . . . . . 1 . . Patrol Status 1 | . . . . . 1 . . Zone Layout 1 | . . . . . 1 . . EX-Prototype ID Bank 1 | . . . 1 . . . . Fabricator Hacks . | . . . . . . . . Repair Station Hacks . | . . . . . . . . Recycling Unit Hacks . | . . . . . . . . Scanalyzer . | . . . . . . . . Garrison Access Hacks 2 | . . . . . 1 1 . Unlock Access 1 | . . . . . . 1 . Seal Access 1 | . . . . . 1 . . Unauthorized Hacks 10 | . 2 . . . 5 3 . Terminals 10 | . 2 . . . 5 3 . Track 5 | . 1 . . . 3 1 . Assimilate 1 | . . . . . 1 . . Botnet 1 | . . . . . . 1 . Disrupt 2 | . 1 . . . 1 . . Operators 1 | . . . . . . 1 . Fabricators . | . . . . . . . . Repair Stations . | . . . . . . . . Recycling Units . | . . . . . . . . Scanalyzers . | . . . . . . . . Garrison Access . | . . . . . . . . Data Cores Recovered . | . . . . . . . . Used . | . . . . . . . . Hacking Detections 7 | . 1 . . . 3 3 . Full Trace Events . | . . . . . . . . Feedback Events . | . . . . . . . . Feedback Blocked . | . . . . . . . . Robot Schematics Acquired . | . . . . . . . . Robots Built . | . . . . . . . . Authchips . | . . . . . . . . Time . | . . . . . . . . Total Robot Build Rating . | . . . . . . . . Part Schematics Acquired . | . . . . . . . . Parts Built . | . . . . . . . . Authchips . | . . . . . . . . Time . | . . . . . . . . Total Part Build Rating . | . . . . . . . . Parts Repaired . | . . . . . . . . Time . | . . . . . . . . Parts Recycled . | . . . . . . . . Recycled Matter . | . . . . . . . . Retrieved Matter . | . . . . . . . . Retrieved Components . | . . . . . . . . Parts Scanalyzed . | . . . . . . . . Part Schematics Acquired . | . . . . . . . . Parts Damaged . | . . . . . . . . Bothacking | -11 -10 -10 -10 -9 -8 -7 -7 ------------ Run | Scr Mat Min Exi Min Mat Fac Gar Used RIF Installer . | . . . . . . . . Robots Hacked . | . . . . . . . . Non-combat . | . . . . . . . . Combat . | . . . . . . . . Robot Hacks Applied . | . . . . . . . . Relay Couplers Released . | . . . . . . . . Fabnet Peak Effective % . | . . . . . . . . Robots Rewired . | . . . . . . . . Allies Hacked . | . . . . . . . . Hacks Repelled . | . . . . . . . . Allies | -11 -10 -10 -10 -9 -8 -7 -7 -------- Run | Scr Mat Min Exi Min Mat Fac Gar Total Allies 1 | . . . . . 1 . . Largest Group 1 | . . . . . 1 . . Highest-Rated Group 10 | . . . . . 10 . . Highest-Rated Ally 10 | . . . . . 10 . . Total Orders . | . . . . . . . . Ally Attacks . | . . . . . . . . Total Damage . | . . . . . . . . Kills . | . . . . . . . . Allies Corrupted . | . . . . . . . . Allies Melted . | . . . . . . . . Intel | -11 -10 -10 -10 -9 -8 -7 -7 ------- Run | Scr Mat Min Exi Min Mat Fac Gar Robot Analysis Total . | . . . . . . . . Derelict Logs Recovered 1 | . . 1 . . . . . Drone Launches . | . . . . . . . . Drone Recoveries . | . . . . . . . . Exploration | -11 -10 -10 -10 -9 -8 -7 -7 ------------- Run | Scr Mat Min Exi Min Mat Fac Gar Turns Passed 1919 | 19 63 151 261 329 486 505 105 Spaces Moved 2696 | 33 91 256 517 463 563 669 104 Core 2696 | 33 91 256 517 463 563 669 104 Treads . | . . . . . . . . Legs . | . . . . . . . . Wheels . | . . . . . . . . Hover . | . . . . . . . . Flight . | . . . . . . . . Fastest Speed 50 | 50 50 50 50 50 50 50 50 Average Speed 50 | 50 50 50 50 50 50 50 50 Slowest Speed 150 | 50 50 50 50 50 150 100 50 Overloaded Moves . | . . . . . . . . Propulsion Burnouts . | . . . . . . . . Robots Hopped 1 | . . . 1 . . . . Cave-ins Triggered . | . . . . . . . . Exploration Rate (%) 45 | 3 30 74 85 78 47 19 30 Regions Visited 7 Branch Regions 3 Pre-discovered Areas 2 | . . 1 1 . . . . Known Exits Taken 2 | . . . . . 1 1 . Unknown Exits Taken 5 | 1 1 1 1 1 . . . Scrap Searched 2 | . . 1 . 1 . . . Spaces Dug 5 | . . . . . 3 2 . Terrain Destroyed 6 | . . . . . 4 2 . Melee 5 | . . . . . 3 2 . Projectile 1 | . . . . . 1 . . AOE . | . . . . . . . . Terrain Rammed . | . . . . . . . . Walls Destroyed . | . . . . . . . . Machines Disabled . | . . . . . . . . Actions | -11 -10 -10 -10 -9 -8 -7 -7 --------- Run | Scr Mat Min Exi Min Mat Fac Gar Total 3082 | 34 98 266 517 543 703 771 150 Wait 158 | . . . . 56 52 27 23 Move 2687 | 32 90 255 514 462 562 668 104 Hop 1 | . . . 1 . . . . Pick Up 20 | . 2 1 2 2 10 3 . Fast Attach 18 | 2 1 . . 2 6 7 . Attach 17 | . . 1 . 1 5 5 5 Detach 8 | . . 1 . 1 3 3 . Swap 9 | . . . . . 4 5 . Drop 19 | . . . . 2 12 4 1 Fire 75 | . 5 7 . 17 20 19 7 Melee 59 | . . . . . 29 30 . Ram 1 | . . 1 . . . . . Kick . | . . . . . . . . Crush . | . . . . . . . . Escape Stasis 10 | . . . . . . . 10 Rewire . | . . . . . . . . Trap . | . . . . . . . . Miscellaneous . | . . . . . . . . Route ------- -11/Scrapyard -10/Materials -10/Mines (discovered 3 exits: [*Mat x2] / *Exi) -10/Exiles (discovered 2 exits: [*Min x2]) -9/Mines -8/Materials (discovered 3 exits: *Fac x3) -7/Factory (discovered 3 exits: Low x2 / Gar) -7/Garrison History --------- Turn | Location | Event 2 | -11/Scrapyard | Met Revision 17 5 | -11/Scrapyard | Discovered new exit (range 15) 20 | -11/Scrapyard | Entered Materials 68 | -10/Materials | Discovered new exit (range 15) 83 | -10/Materials | Entered Mines 114 | -10/Mines | Learned location of Recycling (-9) 181 | -10/Mines | Discovered new exit (range 16) 210 | -10/Mines | Discovered new exit (range 6) 224 | -10/Mines | Found a damaged Exp. Sensor Array with a note attached 225 | -10/Mines | Found Prototype Device 228 | -10/Mines | Identified Exp. Sensor Array 231 | -10/Mines | Deemed a non-threat by the Exiles lab entrance 232 | -10/Mines | Discovered new exit (range 5) 234 | -10/Mines | Entered Exiles 242 | -10/Exiles | Discovered new exit (range 15) 247 | -10/Exiles | Met 8R-AWN 254 | -10/Exiles | Met EX-HEX 270 | -10/Exiles | Met EX-BIN 278 | -10/Exiles | Aligned with FarCom system 279 | -10/Exiles | Given EX-Vault access code 296 | -10/Exiles | Opened EX-Vault 303 | -10/Exiles | Found Chronowheel 307 | -10/Exiles | Build established: Mutant 314 | -10/Exiles | Warned to stay clear of 0b10 Research branches 318 | -10/Exiles | Exiles lab attacked by MAIN.C 457 | -10/Exiles | Learned location of Zion (-6) 489 | -10/Exiles | Discovered new exit (range 14) 495 | -10/Exiles | Left Exiles lab with Chronowheel 495 | -10/Exiles | Entered Mines 552 | -9/Mines | Met a Derelict bent on vengeance 667 | -9/Mines | Assembled infested the area 790 | -9/Mines | Core integrity fell below 50% 795 | -9/Mines | Discovered new exit (range 8) 824 | -9/Mines | Entered Materials 824 | -8/Materials | Evolved 4 slots: Utility x4 1097 | -8/Materials | Identified exit to Factory 1235 | -8/Materials | Build established: Hacker-Mutant 1310 | -8/Materials | Entered Factory 1310 | -7/Factory | Evolved 2 slots: Utility x2 1351 | -7/Factory | Identified exit to Lower Caves 1556 | -7/Factory | Lost 5 parts (2p3u) 1815 | -7/Factory | Identified exit to Garrison 1815 | -7/Factory | Entered Garrison 1870 | -7/Garrison | Triggered checkpoint 1885 | -7/Garrison | Core integrity fell below 50% 1906 | -7/Garrison | Core integrity fell below 20% 1920 | -7/Garrison | Destroyed by L-41 Fighter with Axe Last Messages --------------- 01899_ Assault Cannon destroyed. Garrison Door activated. 01912_ Triggered Stasis Trap. 01912_ A bubble of rippling energy engulfs the area. 01912_ Field strength at 94. 01912_ Field strength at 85. 01913_ Field strength at 79. 01913_ Corruption Screen destroyed. 01914_ Field strength at 64. 01915_ Field strength at 53. 01916_ Field strength at 47. 01917_ Hacking Suite destroyed. 01917_ System corrupted by crushing effect (+1). 01917_ Knocked back. 01917_ Triggered Stasis Trap. 01917_ A bubble of rippling energy engulfs the area. 01917_ Field strength at 94. 01917_ Field strength at 88. 01918_ Field strength at 68. 01919_ Field strength at 58. Map ----- +----------------------------------------------------+ | | | | | | | ?????????????????????????????????????????????????? | | ?????????????????????????????????????????????????? | | ?????????????????????????????????????????????????? | | ?????????????????????????????????????????????????? | | ?????????????????????????????????????????????????? | | ?????????????????????????????????????????????????? | | ?????????????????????????????????????????????????? | | ?????????????????????????????????????????????????? | | ?????????????????????????????????????????????????? | | ?????????????????????????????????????????????????? | | ?????????????????????????####????????????????????? | | ????????????????????????? #????????????????????? | | ????????????????????????? #????????????????????? | | ????????????????????????? #????????????????????? | | ????????????????????????# #????????????????????? | | ????????????????????????# #????????????????????? | | ????????????????????????# #????????????????????? | | ????????????????????????# #????????????????????? | | ????????????????????????# #????????????????????? | | ????????????????????????# #????????????????????? | | ????????????????????????# #????????????????????? | | ????????????????????????# #????????????????????? | | ????????????????????????#@ ###??????????????????? | | ????????????????????????#bl #??????????????????? | | ????????????????????????# #??????????????????? | | ????????????????????????# #??????????????????? | | ????????????????????????# ###??????????????????? | | ????????????????????????# #????????????????????? | | ????????????????????????# #????????????????????? | | ????????????????????????# #????????????????????? | | ????????????????????????# #????????????????????? | | ????????????????????????# #????????????????????? | | ????????????????????????# #????????????????????? | | ?????????????############ #????????????????????? | | ?????????? #????????????????????? | | ?????????? s #????????????????????? | | ?????????????# ######### #????????????????????? | | ????????????????????????# #????????????????????? | | ????????????????????????# s#???##???????????????? | | ????????????????????????# s#??? #??????????????? | | ????????????????????????# #??? #?????????????? | | ????????????????????????# #??? #?????#?????#? | | ????????????????????????# ####"####""## ## | | ????????????????????????# [ | | ????????????????????????# ^*%*[ | | ????????????????????????# [%=% | | ????????????????????????############= ## #? | +----------------------------------------------------+ Best States ------------- Heat Dissipation 34 Energy Generation 14 Energy Capacity 160 Matter Stores 300 Matter Capacity 300 Sight Range 16 Terrain Scan Range 14 Terrain Scan Density 10 Additional Mass Support 9 Corruption Block 8 Core Shielding 20 Utility Shielding 33 Evasion (%) 50 Targeting Accuracy 5 Core Analysis 6 Offensive Hacking 20 Defensive Hacking 10 Item Schematics ----------------- None Robot Schematics ------------------ None Fabricated ------------ Nothing Alien Tech Used ----------------- None Achievements -------------- None Challenges ------------ None Game ------ Seed UltimateCoolingMinigun Manual? 0 Play Time 00:31:16 Cumulative 214.3 hours Start 2022.04.16 @ 19:58:02 End 2022.04.16 @ 20:27:47 Sessions 1 Manual Loads 0 Difficulty Rogue Special Mode None Game No. 60 Rogue 43 Adventurer 17 Explorer 0 Win Type - Total 12 Types 7/0/4/1/0/0/0/0/0 Lore% 72 Gallery% 73 Achievement% 67 Wizard Run 0 Options --------- ASCII 0 Keyboard 0 Movement Arrows Keybinds 0 Fullscreen 1 Font 28/Dina Map View 72x54 Tactical HUD 1 Map Filters NONE Filters NONE Steam 1 RUN: aa8ad9a7-3ff5-4c4f-9b5c-d2b004cea88d